 Dungeon Crawl Stone Soup version 0.29-a0-284-gf9362112df (webtiles) character file.

Game seed: 8400099810678911303

16 being54 the Sneak (level 2, -1/13 HPs)
             Began as a Spriggan Enchanter on Mar 25, 2022.
             Frozen to death by an endoplasm (3 damage)
             ... on level 1 of the Dungeon on Mar 30, 2022.
             The game lasted 00:01:17 (833 turns).

being54 the Sneak (Spriggan Enchanter)               Turns: 833, Time: 00:01:18

Health: -1/13      AC:  2    Str:  4    XL:     2   Next: 37%
Magic:  6/6        EV: 17    Int: 16    God:
Gold:   29         SH:  0    Dex: 15    Spells: 4/6 levels left

rFire   . . .      SeeInvis +   a - +1 dagger
rCold   . . .      Faith    .   (no shield)
rNeg    . . .      Spirit   .   b - +0 robe
rPois   .          Reflect  .   (helmet restricted)
rElec   .          Harm     .   (no cloak)
rCorr   .          Rampage  .   (gloves unavailable)
Will    .....                   (boots unavailable)
Stlth   +++.......              (no amulet)
HPRegen 0.04/turn               (no ring)
MPRegen 0.10/turn               (no ring)

@: very quick
A: very small, no large weapons, unfitting armour, see invisible, speed 3
a: no special abilities


You were on level 1 of the Dungeon.
You visited 1 branch of the dungeon, and saw 1 of its levels.

You collected 29 gold pieces.

Inventory:

Hand Weapons
 a - a +1 dagger (weapon)
Armour
 b - a +0 robe (worn)
Scrolls
 e - a scroll of noise {unknown}
 f - a scroll of fear {unknown}
Potions
 c - 2 potions of invisibility
 d - 2 potions of heal wounds {unknown}


   Skills:
 - Level 1.3 Short Blades
 + Level 3.2 Dodging
 + Level 4.9 Stealth
 - Level 2.8 Spellcasting
 - Level 3.7 Hexes


You had 4 spell levels left.
You knew the following spells:

 Your Spells              Type           Power      Damage    Failure   Level
a - Ensorcelled Hibernat  Hex/Ice        16%        N/A       13%         2

Your spell library contained the following spells:

 Spells                   Type           Power      Damage    Failure   Level
 Confusing Touch          Hex            14%        N/A       12%         3
 Tukima's Dance           Hex            14%        N/A       12%         3
 Dazzling Flash           Conj/Hex       16%        N/A       26%         3
 Stone Arrow              Conj/Erth      4%         3d7       50%         3
 Animate Armour           Summ/Erth      4%         N/A       88%         4
 Lehudib's Crystal Spear  Conj/Erth      1%         10d2      100%        8


Dungeon Overview and Level Annotations

Branches:
Dungeon (1/15)

Altars:


Innate Abilities, Weirdness & Mutations

You are very small and have problems with some larger weapons.
You are too small for most types of armour.
You have supernaturally acute eyesight. (SInv)
You cover ground extremely quickly. (Speed+++)


Message History

Found 9 stones.
You see here 9 stones.
You pick up a book of Armaments and begin reading...
You add the spells Stone Arrow, Animate Armour and Lehudib's Crystal Spear to your library.
An endoplasm comes into view.
An endoplasm is nearby!
The endoplasm quivers.
You hit the endoplasm but do no damage. The endoplasm barely misses you.
You hit the endoplasm but do no damage. The endoplasm hits you.
You barely miss the endoplasm. The endoplasm completely misses you.
You hit the endoplasm but do no damage. The endoplasm freezes you.
You are frozen.
You barely miss the endoplasm. The endoplasm freezes you.
You are frozen.
You are too injured to fight recklessly!
You are too injured to fight recklessly!
You are too injured to fight recklessly!
You are too injured to fight recklessly!
You hit the endoplasm.
The endoplasm is moderately wounded.
The endoplasm barely misses you.
You completely miss the endoplasm.
The endoplasm is moderately wounded.
The endoplasm freezes you.
You are frozen.
You hit the endoplasm. Your punch misses the endoplasm.
The endoplasm is severely wounded.
The endoplasm completely misses you.
You hit the endoplasm but do no damage.
The endoplasm is heavily wounded.
The endoplasm freezes you.
You are frozen.
* * * LOW HITPOINT WARNING * * *
You completely miss the endoplasm.
The endoplasm is heavily wounded.
The endoplasm freezes you.
You are frozen.
You die...

#.# #.# #.# ######## #.# #......#
#.# #......# #.# #......# #.#
#......# ############.# #J.....#
......(......# #@.....#
...#############......###########
......................+..........
...#############......#######.###
...# #.....!# #.# #+##
##############.### ...........
........... ...........


You could see an endoplasm.

Vanquished Creatures
  2 ball pythons (D:1)
  2 bats (D:1)
  3 goblins (D:1)
  3 jackals (D:1)
  2 frilled lizards (D:1)
  A kobold (D:1)
  2 rats (D:1)
15 creatures vanquished.

Notes
Turn   | Place    | Note
-------+----------+-------------------------------------------
     0 | D:1      | being54 the Spriggan Enchanter began the quest for the Orb.
     0 | D:1      | Reached XP level 1. HP: 9/9 MP: 5/5
     2 | D:1      | Noticed a demigod
     2 | D:1      | Noticed an ogre
     4 | D:1      | Noticed a merfolk
     4 | D:1      | Noticed a draconian
     6 | D:1      | Noticed a dwarf
     8 | D:1      | Noticed a ghoul
    10 | D:1      | Noticed a spriggan
    12 | D:1      | Noticed a demonspawn
    12 | D:1      | Noticed a vine stalker
    14 | D:1      | Noticed a tengu
    14 | D:1      | Noticed an elf
    16 | D:1      | Noticed a human
    16 | D:1      | Noticed a felid
    18 | D:1      | Noticed a minotaur
    20 | D:1      | Noticed a naga
    20 | D:1      | Noticed a gargoyle
    22 | D:1      | Noticed a formicid
    22 | D:1      | Noticed a troll
    24 | D:1      | Noticed a vampire
    24 | D:1      | Noticed an octopode
   280 | D:1      | Reached XP level 2. HP: 13/13 MP: 6/6
   283 | D:1      | Learned a level 2 spell: Ensorcelled Hibernation
   833 | D:1      | Frozen to death by an endoplasm

Illustrated notes

Levels and vault maps discovered:
D:1:      kb_arrival_jail, layout_basic, chequers_ecumenical_altar_lobes

Skill      XL: |  1  2 |
---------------+-------+-----
Dodging        | 3 |  3.2
Short Blades   | |  1.3
Stealth        | |  4.9
Spellcasting   | |  2.8
Hexes          | |  3.7

Action                   || total
-------------------------++-------
Melee: Dagger            ||    45
 Stab: Sleeping          ||     3
Armor: Robe              ||     3
Dodge: Dodged            ||    35

Table legend: (Time is in decaauts)
 A = Elapsed time spent in this place.
 B = Non-inter-level travel time spent in this place.
 C = Inter-level travel time spent in this place.
 D = Time resting spent in this place.
 E = Time spent auto-exploring this place.
 F = Levels seen in this place.
 G = Mean time per level.
                   A        B        C        D        E       F      G
               +--------+--------+--------+--------+--------+-----+--------+
         Total |    669 |    669 |      0 |    354 |    227 |   1 |  669.0 |
       Dungeon |    669 |    669 |      0 |    354 |    227 |   1 |  669.0 |
               +--------+--------+--------+--------+--------+-----+--------+

Top non-repeatable levels by time:
     D:1: 669 daAuts
